 Dungeon Crawl Stone Soup version 0.25-a0-766-g0ecfff5982 (webtiles) character file.

Game seed: 11247879003482186791, levelgen mode: classic

3528 Amnesiac the Frost Mage (level 10, -2/69 HPs)
             Began as a Ghoul Ice Elementalist on Apr 13, 2020.
             Was a Believer of Vehumet.
             Slain by a two-headed ogre
             ... wielding a +0 giant club
              (23 damage)
             ... on level 8 of the Dungeon.
             The game lasted 00:19:02 (6688 turns).

Amnesiac the Frost Mage (Ghoul Ice Elementalist)    Turns: 6688, Time: 00:19:02

Health: -2/69      AC:  3    Str: 13    XL:     10   Next: 8%
Magic:  15/19      EV: 12    Int: 15    God:    Vehumet [**....]
Gold:   286        SH:  0    Dex:  9    Spells: 8/23 levels left

rFire    . . .     SeeInvis +   m - +2 trident (flame)
rCold    + . .     Gourm    .   (no shield)
rNeg     + + +     Faith    .   e - +0 robe
rPois    ∞         Spirit   .   s - +0 helmet
rElec    .         Reflect  .   (no cloak)
rCorr    .         Harm     .   (no gloves)
MR       .....                  (no boots)
Stlth    ++........             r - amulet of magic regeneration
HPRegen  0.00/turn              g - +2 ring of intelligence
MPRegen  0.41/turn              v - ring of see invisible

@: frozen ramparts, rotting
A: rotting body, claws 1, carnivore, cold resistance 1, negative energy
resistance 3, inhibited regeneration, torment resistance, unbreathing
a: Renounce Religion


You were on level 8 of the Dungeon.
You worshipped Vehumet.
Vehumet was pleased with you.
You were not hungry.

You visited 2 branches of the dungeon, and saw 9 of its levels.

You collected 286 gold pieces.

Inventory:

Hand Weapons
 a - a +1 vorpal war axe
 b - a +0 rapier
 m - a +2 trident of flaming (weapon)
 n - a +2 trident of freezing
Missiles
 k - 17 poisoned darts (quivered)
Armour
 d - a +1 cloak
 e - a +0 robe (worn)
 s - a +0 helmet (worn)
Jewellery
 g - a +2 ring of intelligence (left claw)
 r - an amulet of magic regeneration (around neck)
 v - a ring of see invisible (right claw)
 x - an uncursed ring of flight
Wands
 l - a wand of disintegration (2)
Scrolls
 i - a scroll of enchant armour {!r}
 j - 3 scrolls of fog {!r}
 q - 4 scrolls of remove curse {!r}
 u - 3 scrolls of teleportation {!r}
Potions
 f - a potion of flight {!q}
 h - a potion of haste {!q}
 o - a potion of heal wounds {!q}
 p - a potion of resistance {!q}
Comestibles
 c - 17 rations
 t - 2 chunks of flesh


   Skills:
 - Level 1.7 Dodging
 - Level 2.1 Stealth
 + Level 7.0 Spellcasting
 * Level 12.9 Ice Magic


You had 8 spell levels left.
You knew the following spells:

 Your Spells              Type           Power        Failure   Level  Hunger
a - Freeze                Ice            ####         1%          1    None
b - Frozen Ramparts       Ice            #####.       1%          3    ##.....
c - Summon Ice Beast      Ice/Summ       ###.....     10%         4    ####...
d - Hailstorm             Conj/Ice       ###.....     10%         4    ####...
z - Ozocubu's Armour      Chrm/Ice       ###.....     2%          3    ##.....

Your spell library contained the following spells:

 Spells                   Type           Power        Failure   Level  Hunger
 Searing Ray              Conj           #.....       21%         2    None
 Summon Small Mammal      Summ           #...         13%         1    None
 Call Imp                 Summ           #.......     21%         2    None
 Call Canine Familiar     Summ           #.......     36%         3    ##.....
 Summon Guardian Golem    Hex/Summ       #.......     36%         3    ##.....
 Summon Lightning Spire   Summ/Air       #.......     78%         4    ####...


Dungeon Overview and Level Annotations

Branches:
Dungeon (8/15)             Temple (1/1) D:4
   Lair: D:8-11

Altars:
Ashenzari
Cheibriados
Dithmenos
Elyvilon
Fedhas
Gozag
Hepliaklqana
Kikubaaqudgha
Makhleb
Nemelex Xobeh
Okawaru
Qazlal
Ru
Sif Muna
Trog
Uskayaw
Vehumet
Wu Jian
Xom
Yredelemnul
Zin
The Shining One


Innate Abilities, Weirdness & Mutations

Your body is rotting away.
You thrive on raw meat.
You are immune to poison.
You have sharp fingernails.
You are carnivorous and can eat meat at any time.
Your flesh is cold resistant. (rC+)
You are immune to negative energy. (rN+++)
You do not regenerate when monsters are visible.
You are immune to unholy pain and torment.
You can survive without breathing.


Message History

Your Spellcasting skill increases to level 7!
You have reached level 10!
You feel stronger.
You start resting.
The frozen ramparts melt away.
Magic restored.
Found a stone staircase leading down.
A jackal comes into view.
A jackal is nearby!
The jackal barks!
You hear a bark!
A jackal comes into view.
The jackal bites you but does no damage.
Casting: Freeze (safe; 1% risk of failure)
Confirm with . or Enter, or press ? or * to list all spells.
Aiming: Freeze (safe; 1% risk of failure)
Press: ? - help, Shift-Dir - straight line, f - jackal
Aim: a jackal You freeze the jackal!
You kill the jackal!
Vehumet accepts your kill.
You feel your power returning. The jackal bites you.
Casting: Freeze (safe; 1% risk of failure)
Confirm with . or Enter, or press ? or * to list all spells.
Aiming: Freeze (safe; 1% risk of failure)
Press: ? - help, Shift-Dir - straight line, f - jackal
Aim: a jackal You freeze the jackal.
You kill the jackal!
Vehumet accepts your kill.
You feel your power returning.
HP restored.
You butcher the jackal corpse.
t - 2 chunks of flesh (gained 1)
You see here a jackal skeleton. x2
An adder comes into view.
A two-headed ogre comes into view. It is wielding two +0 giant clubs.
The adder moves out of view.
Casting: Freeze (safe; 1% risk of failure)
Confirm with . or Enter, or press ? or * to list all spells.
The walls around you are covered in ice.
The wall freezes the two-headed ogre!
The wall freezes the two-headed ogre!
Casting: Frozen Ramparts (safe; 1% risk of failure)
Confirm with . or Enter, or press ? or * to list all spells.
Aiming: Freeze (safe; 1% risk of failure)
Press: ? - help, Shift-Dir - straight line, f - two-headed ogre
Aim: a two-headed ogre, wielding two +0 giant clubs (moderately wounded)
You freeze the two-headed ogre.
The two-headed ogre is moderately wounded.
The wall freezes the two-headed ogre.
The two-headed ogre hits you with a +0 giant club!!
The two-headed ogre hits you with a +0 giant club!
Casting: Freeze (safe; 1% risk of failure)
Confirm with . or Enter, or press ? or * to list all spells.
Aiming: Freeze (safe; 1% risk of failure)
Press: ? - help, Shift-Dir - straight line, f/p - two-headed ogre
Aim: a two-headed ogre, wielding two +0 giant clubs (heavily wounded)
You freeze the two-headed ogre!
The two-headed ogre is severely wounded.
The wall freezes the two-headed ogre.
The two-headed ogre hits you with a +0 giant club!
* * * LOW HITPOINT WARNING * * *
The two-headed ogre hits you with a +0 giant club!!
You die...

##... ... . .. ...#
#... ...# ###.#.
#..###### ...>.
?....$...
###.#..##........
.......÷#........
......#.O........ .....
##.@..#### $... #.....#
........#...#
###..####...# #. ##..##
# #...# # ###...####
### ..
#........########
...#..
..#####.#.###.........#


You could see a two-headed ogre.

Vanquished Creatures
  A cyclops (D:8)
  Maurice (D:8)
  Grinder (D:5)
  A hippogriff (D:7)
  Sigmund (D:5)
  An orc warrior (D:8)
  3 black bears
  A phantom (D:6)
  A centaur (D:5)
  An ogre (D:7)
  4 bullfrogs
  A scorpion (D:8)
  4 crimson imps
  A centaur zombie (D:6)
  2 hounds
  3 jellies
  A bullfrog skeleton (D:4)
  7 orc priests
  9 orc wizards
  An iguana (D:5)
  6 worker ants
  A hound zombie (D:6)
  A hound skeleton (D:5)
  Robin (D:2)
  8 adders
  2 oozes
  An adder zombie (D:5)
  An adder skeleton (D:4)
  3 worms
  3 dart slugs
  4 leopard geckos
  34 orcs
  A ball python (D:5)
  11 giant cockroaches
  11 goblins
  16 hobgoblins
  6 jackals
  2 quokkas
  6 bats
  7 frilled lizards
  10 kobolds
  2 leopard gecko zombies
  A quokka skeleton (D:4)
  10 rats
193 creatures vanquished.

Vanquished Creatures (collateral kills)
  A hungry ghost (D:7)
1 creature vanquished.

Grand Total: 194 creatures vanquished

Notes
Turn   | Place    | Note
-------+----------+-------------------------------------------
     0 | D:1      | Amnesiac the Ghoul Ice Elementalist began the quest for the
                  | Orb.
     0 | D:1      | Reached XP level 1. HP: 14/14 MP: 2/2
    68 | D:2      | Found a snail-covered altar of Cheibriados.
    68 | D:2      | Found a bloodstained altar of Trog.
   109 | D:2      | Found a sparkling altar of Nemelex Xobeh.
   124 | D:2      | Reached XP level 2. HP: 20/20 MP: 0/4
   231 | D:2      | Reached skill level 5 in Ice Magic
   231 | D:2      | Reached XP level 3. HP: 17/26 MP: 0/5
   236 | D:2      | Learned a level 3 spell: Frozen Ramparts
   523 | D:3      | Found a white marble altar of Elyvilon.
   530 | D:3      | Noticed a bullfrog
   596 | D:3      | Killed a bullfrog
   596 | D:3      | Reached skill level 6 in Ice Magic
   596 | D:3      | Reached XP level 4. HP: 17/33 MP: 2/7
   663 | D:3      | Found a stormy altar of Qazlal.
   796 | D:4      | Found a staircase to the Ecumenical Temple.
   823 | Temple   | Entered the Ecumenical Temple
  1033 | D:4      | Found an opulent altar of Gozag.
  1192 | D:1      | Reached XP level 5. HP: 38/38 MP: 8/8
  1911 | D:2      | Noticed Robin
  1924 | D:2      | Killed Robin
  2698 | D:3      | Found a hide-covered altar of Uskayaw.
  2698 | D:3      | Found an ancient bone altar of Kikubaaqudgha.
  2700 | D:3      | Found a sparkling altar of Nemelex Xobeh.
  3089 | D:4      | Reached XP level 6. HP: 45/45 MP: 9/9
  3154 | D:4      | Reached skill level 7 in Ice Magic
  3740 | D:5      | Entered Level 5 of the Dungeon
  3754 | D:5      | Reached XP level 7. HP: 49/49 MP: 9/11
  3759 | D:5      | Reached skill level 8 in Ice Magic
  3789 | D:5      | Noticed Grinder
  3806 | D:5      | Paralysed by Grinder for 2 turns
  3821 | D:4      | Learned a level 4 spell: Summon Ice Beast
  3828 | D:5      | Paralysed by Grinder for 6 turns
  3857 | D:5      | Paralysed by Grinder for 3 turns
  3883 | D:5      | Killed Grinder
  4042 | D:5      | Reached skill level 9 in Ice Magic
  4245 | D:5      | Reached XP level 8. HP: 42/57 MP: 9/13
  4253 | D:5      | Found a shattered altar of Ashenzari.
  4261 | D:5      | Noticed Sigmund
  4262 | D:5      | Found an ornate altar of the Wu Jian Council.
  4280 | D:5      | Killed Sigmund
  4289 | D:5      | Found a radiant altar of Vehumet.
  4303 | D:5      | Became a worshipper of Vehumet
  4565 | D:6      | Reached skill level 5 in Spellcasting
  4566 | D:6      | Reached skill level 10 in Ice Magic
  4594 | D:6      | Found a bloodstained altar of Trog.
  4654 | D:6      | Reached * piety under Vehumet
  4654 | D:6      | Offered knowledge of Shock by Vehumet.
  5018 | D:6      | Reached XP level 9. HP: 52/62 MP: 14/16
  5088 | D:6      | Learned a level 3 spell: Ozocubu's Armour
  5093 | D:6      | Learned a level 4 spell: Hailstorm
  5356 | D:6      | Reached skill level 11 in Ice Magic
  5681 | D:7      | Found an opulent altar of Gozag.
  5934 | D:7      | Found a blossoming altar of Fedhas.
  6211 | D:8      | Noticed Maurice
  6221 | D:8      | Noticed a cyclops
  6225 | D:8      | Reached skill level 12 in Ice Magic
  6406 | D:8      | HP: 1/62 [disintegration (31)]
  6407 | D:8      | Killed Maurice
  6408 | D:8      | Reached ** piety under Vehumet
  6408 | D:8      | Offered knowledge of Searing Ray by Vehumet.
  6669 | D:8      | Killed a cyclops
  6669 | D:8      | Reached XP level 10. HP: 68/69 MP: 17/19
  6684 | D:8      | Noticed a two-headed ogre
  6688 | D:8      | Slain by a two-headed ogre

Levels and vault maps discovered:
D:1:      saegor_arrival_simple_d, layout_basic
D:2:      layout_loops_ring, gammafunk_temple_overflow_wave, minmay_hedge_maze,
          nemelex_dance_club_becter, uniq_robin
D:3:      layout_basic, minitemple, elyvilon_altar_1, overflow_temple_1_default,
          first_ration
D:4:      layout_cave_pods, temple_pool_b,
          nicolae_gozag_cash_rules_everything_around_me
D:5:      layout_rooms, chequers_temple_overflow_statue_of_worship,
          uniq_sigmund, uniq_grinder
D:6:      layout_loops_cross, trog_ov_bears_minmay
D:7:      layout_basic, old_standard_altar, fedhas_altar_fruit_tree
D:8:      layout_rooms, hangedman_pestilent_swarm, xom_teletrap_fun,
          uniq_maurice
Temple:   minmay_temple_curvy_loop

Skill      XL: |  1  2  3  4  5  6  7  8  9 |
---------------+----------------------------+-----
Spellcasting   | 2 3 4 5 7 |  7.0
Ice Magic      | 5 6 7 9 10 12 | 12.9
Dodging        | |  1.7
Stealth        | |  2.1

Action                   |  1- 3 |  4- 6 |  7- 9 | 10-12 || total
-------------------------+-------+-------+-------+-------++-------
Melee: Unarmed           |    12 |       |       |       ||    12
       Rapier            |     5 |       |       |       ||     5
       War axe           |    11 |   116 |    60 |       ||   187
       Trident           |       |       |    69 |       ||    69
 Cast: Freeze            |    23 |    76 |    49 |     4 ||   152
       Frozen Ramparts   |       |     4 |    29 |     1 ||    34
       Summon Ice Beast  |       |       |     6 |       ||     6
  Use: Scroll            |       |     9 |     4 |       ||    13
       Potion            |       |     3 |     9 |       ||    12
 Stab: Sleeping          |     1 |     3 |     4 |       ||     8
  Eat: Chunk             |     1 |    25 |    37 |       ||    63
Armor: Robe              |     4 |    51 |    22 |     1 ||    78
Dodge: Dodged            |    34 |   154 |   106 |       ||   294

Table legend:
 A = Non-vault XP
 B = Vault XP
 C = Vault XP percentage of total XP
 D = Non-vault monster count
 E = Vault monster count
 F = Vault count percentage of total count
                 A         B        C        D         E       F
            +---------+---------+-------+---------+---------+-------
      Total |    3814 |    1226 |  24.3 |     178 |      16 |   8.2
            +---------+---------+-------+---------+---------+-------
        D:1 |      39 |       0 |   0.0 |      22 |       0 |   0.0
        D:2 |      93 |      36 |  27.9 |      29 |      11 |  27.5
        D:3 |     141 |       0 |   0.0 |      25 |       0 |   0.0
        D:4 |     292 |       0 |   0.0 |      21 |       0 |   0.0
        D:5 |     546 |     449 |  45.1 |      26 |       2 |   7.1
        D:6 |     665 |     272 |  29.0 |      24 |       2 |   7.7
        D:7 |    1092 |       0 |   0.0 |      18 |       0 |   0.0
        D:8 |     946 |     469 |  33.1 |      13 |       1 |   7.1
            +---------+---------+-------+---------+---------+-------
